 Dungeon Crawl Stone Soup version 0.20-a0-16-g0876c8e (webtiles) character file.

270093 dvd the Blinker (level 19, -10/98 HPs)
             Began as a Spriggan Warper on Oct 18, 2016.
             Was an Initiate of Gozag.
             Killed from afar by Nikola (23 damage)
             ... with a chain lightning
             ... on level 3 of the Shoals on Nov 4, 2016.
             The game lasted 08:04:20 (77127 turns).

dvd the Blinker (Spriggan Warper)                  Turns: 77127, Time: 08:04:21

Health: -10/98     AC: 20    Str: 21    XL:     19   Next: 80%
Magic:  6/42       EV: 31    Int: 24    God:    Gozag
Gold:   4966       SH:  0    Dex: 23    Spells: 13 memorised, 7 levels left

rFire  + . .     SeeInvis +     a - +1 rapier "Worm" {elec, rPois rN++ Int+3}
rCold  + + +     Gourm    .     Z - +5 robe of the Present {rF+ Dex+5}
rNeg   + + +     Faith    .     (shield restricted)
rPois  +         Spirit   .     k - +2 hat {Int+3}
rElec  .         Reflect  .     R - +1 cloak "Lossaar" {rN++ Regen+ Int-4}
rCorr  .         Harm     .     (gloves unavailable)
MR     +++++                    (boots unavailable)
Stlth  ++++++....               Q - amulet of the Illusory Eyes {+Rage rC++ Str+4 Int-2 Dex+2}
                                T - ring of Jazays Bunot {*Drain rC+ Str+9 SInv}
                                L - ring of the Mage {Wiz MR++ Int+3}

@: icy armour, gold aura, deflect missiles, very quick
A: unfitting armour, see invisible, herbivore 3, speed 3, slow metabolism 2
a: Potion Petition, Call Merchant, Bribe Branch, Renounce Religion, Evoke
Berserk Rage
}: 1/15 runes: gossamer


You were on level 3 of the Shoals.
You worshipped Gozag.
Gozag was most pleased with you.
You were not hungry.

You visited 8 branches of the dungeon, and saw 37 of its levels.
You also visited: Ice Cave.

You collected 15765 gold pieces.
You spent 3433 gold pieces at shops.
You paid 7366 gold pieces to Gozag.

Inventory:

Hand Weapons
 a - the +1 rapier "Worm" (weapon) {elec, rPois rN++ Int+3}
   (You found it on level 6 of the Lair of Beasts)

   Occasionally, upon striking a foe, it will discharge some electrical energy
   and cause terrible harm.
   It affects your intelligence (+3).
   It protects you from poison.
   It greatly protects you from negative energy.
 b - the +5 hunting sling "Coeggui" {freeze, Stlth+}
   (You found it on level 4 of the Dungeon)

   It causes projectiles fired from it to freeze those they strike, causing
   extra injury to most foes and up to half again as much damage against
   particularly susceptible opponents.
   They can also slow down cold-blooded creatures.
   It makes you more stealthy.
 c - a +4 shortbow of flaming
 d - the +7 arbalest of Capital Punishment {elec, rElec Int+4 SInv}
   (You found it on level 3 of the Elven Halls)

   It charges the ammunition it shoots with electricity; occasionally upon a
   hit, such missiles may discharge and cause terrible harm.
   It affects your intelligence (+4).
   It insulates you from electricity.
   It lets you see invisible.
Missiles
 f - 731 bolts
 n - 987 arrows
 W - 164 sling bullets
Armour
 k - a +2 hat of intelligence (worn)
 w - a +2 hat of magic resistance
 E - the +3 troll leather armour of Fortification {rC+ Regen+ Str+6}
   (You took it off a deep elf sorcerer on level 3 of the Elven Halls)

   It affects your strength (+6).
   It protects you from cold.
   It increases your rate of regeneration.
 R - the +1 cloak "Lossaar" (worn) {rN++ Regen+ Int-4}
   (You bought it in a shop on level 2 of the Lair of Beasts)

   It affects your intelligence (-4).
   It greatly protects you from negative energy.
   It increases your rate of regeneration.
 Z - the +5 robe of the Present (worn) {rF+ Dex+5}
   (You found it on level 4 of the Lair of Beasts)

   It affects your dexterity (+5).
   It protects you from fire.
Jewellery
 i - an uncursed amulet of regeneration
 s - an uncursed ring of poison resistance
 x - an uncursed amulet of magic regeneration
 G - a +6 ring of intelligence
 L - the ring of the Mage (left hand) {Wiz MR++ Int+3}
   (You found it on level 12 of the Dungeon)

   [ring of wizardry]

   It improves your spell success rate.
   It affects your intelligence (+3).
   It affects your resistance to hostile enchantments.
 Q - the amulet of the Illusory Eyes (around neck) {+Rage rC++ Str+4 Int-2 Dex+2}
   (You found it on level 6 of the Lair of Beasts)

   [amulet of rage]

   It affects your strength (+4).
   It affects your intelligence (-2).
   It affects your dexterity (+2).
   It greatly protects you from cold.
   It lets you go berserk.
 S - an uncursed ring of resist corrosion
 T - the ring of Jazays Bunot (right hand) {*Drain rC+ Str+9 SInv}
   (You bought it in a shop on level 5 of the Lair of Beasts)

   [ring of protection from cold]

   It affects your strength (+9).
   It protects you from cold.
   It lets you see invisible.
   It causes draining when unequipped.
Wands
 e - a wand of paralysis (16/24)
 p - a wand of flame (12/48)
 B - a wand of teleportation (7/9)
 F - a wand of lightning (6/15)
 M - a wand of digging (8/24)
 N - a wand of iceblast (7/15)
Scrolls
 m - 15 scrolls of identify
 o - 5 scrolls of fear
 u - 4 scrolls of blinking
 y - 6 scrolls of recharging
 z - 4 scrolls of remove curse
 P - 5 scrolls of enchant armour
 V - 4 scrolls of magic mapping
 Y - 3 scrolls of holy word
Potions
 h - 3 potions of magic
 j - a potion of heal wounds
 r - a potion of agility
 v - 5 potions of curing
 I - a potion of ambrosia
 J - 2 potions of might
 U - 2 potions of haste
 X - 6 potions of cancellation
Books
 l - the Papyrus of Boosting Necromancy
   (You found it on level 12 of the Dungeon)

   Spells                             Type                      Level
   a - Infusion                       Charms                       1
   b - Animate Skeleton               Necromancy                   1
   c - Shroud of Golubria             Charms/Translocation         2
   d - Agony                          Necromancy                   5
   e - Ring of Flames                 Charms/Fire                  7
 t - a book of the Sky

   Spells                             Type                      Level
   a - Summon Lightning Spire         Summoning/Air                4
   b - Airstrike                      Air                          4
   c - Silence                        Hexes/Air                    5
   d - Deflect Missiles               Charms/Air                   6
   e - Conjure Ball Lightning         Conjuration/Air              6
   f - Tornado                        Air                          9
 A - a book of Conjurations

   Spells                             Type                      Level
   a - Magic Dart                     Conjuration                  1
   b - Searing Ray                    Conjuration                  2
   c - Dazzling Spray                 Conjuration/Hexes            3
   d - Fulminant Prism                Conjuration/Hexes            4
   e - Iskenderun's Mystic Blast      Conjuration                  4
   f - Iskenderun's Battlesphere      Conjuration/Charms           5
 C - a Young Poisoner's Handbook

   Spells                             Type                      Level
   a - Sting                          Conjuration/Poison           1
   b - Mephitic Cloud                 Conjuration/Poison/Air       3
   c - Olgreb's Toxic Radiance        Poison                       4
   d - Alistair's Intoxication        Transmutation/Poison         5
   e - Venom Bolt                     Conjuration/Poison           5
 H - a book of the Warp

   Spells                             Type                      Level
   a - Gell's Gravitas                Hexes/Translocation          3
   b - Portal Projectile              Translocation                3
   c - Force Lance                    Conjuration/Translocation    4
   d - Dispersal                      Translocation                6
   e - Controlled Blink               Translocation                8
   f - Disjunction                    Translocation                8
 K - a book of Flames

   Spells                             Type                      Level
   a - Flame Tongue                   Conjuration/Fire             1
   b - Throw Flame                    Conjuration/Fire             2
   c - Conjure Flame                  Conjuration/Fire             3
   d - Inner Flame                    Hexes/Fire                   3
   e - Sticky Flame                   Conjuration/Fire             4
   f - Fireball                       Conjuration/Fire             5
 O - the Volume of Igneous Conjuration
   (You found it on level 12 of the Dungeon)

   Spells                             Type                      Level
   a - Shock                          Conjuration/Air              1
   b - Sticky Flame                   Conjuration/Fire             4
   c - Throw Icicle                   Conjuration/Ice              4
   d - Iskenderun's Battlesphere      Conjuration/Charms           5
   e - Conjure Ball Lightning         Conjuration/Air              6
Comestibles
 g - a slice of pizza
 q - 3 fruits
 D - 13 bread rations


   Skills:
 + Level 9.6 Fighting
 + Level 10.6 Short Blades
 + Level 13.2(13.3) Slings
 + Level 11.3 Bows
 * Level 7.1 Crossbows
 + Level 2.0(7.6) Throwing
 + Level 12.0 Dodging
 + Level 14.6 Stealth
 + Level 18.2 Spellcasting
 + Level 3.8 Conjurations
 + Level 10.3 Hexes
 + Level 13.0 Charms
 + Level 0.8 Necromancy
 * Level 20.1 Translocations
 + Level 4.0 Ice Magic
 + Level 7.7 Air Magic
 + Level 1.3 Evocations


You had 7 spell levels left.
You knew the following spells:

 Your Spells              Type           Power        Failure   Level  Hunger
a - Blink                 Tloc           N/A          0%          2    None
b - Shroud of Golubria    Chrm/Tloc      #######...   0%          2    None
c - Portal Projectile     Tloc           ######       0%          3    None
d - Tukima's Dance        Hex            ######..     1%          3    None
e - Dazzling Spray        Conj/Hex       ######       1%          3    None
f - Regeneration          Chrm/Necr      ######....   1%          3    None
g - Controlled Blink      Tloc           N/A          1%          8    ######.
h - Airstrike             Air            ######....   1%          4    None
j - Ensorcelled Hibernat  Hex/Ice        ######       1%          2    None
k - Ozocubu's Armour      Chrm/Ice       ######..     1%          3    None
l - Confuse               Hex            ######..     1%          3    None
m - Deflect Missiles      Chrm/Air       ######....   3%          6    ###....
n - Yara's Violent Unrav  Hex/Tmut       #####.....   4%          5    None


Dungeon Overview and Level Annotations

Branches:
Dungeon (15/15)            Temple (1/1) D:4            Lair (6/6) D:11
 Shoals (3/4) Lair:3       Spider (4/4) Lair:4        Slime (0/5) Lair:5
    Orc (2/2) D:10            Elf (3/3) Orc:2        Vaults (3/5) D:14
  Crypt (0/3) Vaults:2     Depths (0/5) D:15

Altars:
Ashenzari
Cheibriados
Dithmenos
Elyvilon
Fedhas
Gozag
Hepliaklqana
Kikubaaqudgha
Makhleb
Nemelex Xobeh
Okawaru
Qazlal
Ru
Sif Muna
Trog
Uskayaw
Vehumet
Xom
Yredelemnul
Zin
The Shining One

Shops:
D:9 [   D:12 :   D:14 *   D:15 [   Orc:2 =[[(*   Lair:2 [   Lair:5 =
Vaults:1 }(((=

Annotations:
Shoals:3 Nikola


Innate Abilities, Weirdness & Mutations

You are very small and have problems with some larger weapons.
You are too small for most types of armour.
You have supernaturally acute eyesight. (SInv)
You are a herbivore.
You cover ground extremely quickly.
You need consume almost no food.


Message History

Confirm with . or Enter, or press ? or * to list all spells.
Aiming: Ensorcelled Hibernation
Press: ? - help, Shift-Dir - straight line, f - wind drake, p - Nikola
Aim: a wind drake (deflecting missiles, chance to defeat MR: 55%)
The wind drake looks drowsy...
Wield which item (- for none, * to show all)? (? for menu, Esc to quit)
The +7 arbalest of Capital Punishment {elec, rElec Int+4 SInv} stops crackling.
You hear the crackle of electricity.
a - the +1 rapier "Worm" (weapon)
{elec, rPois rN++ Int+3} The helpless wind drake fails to defend itself.
You stick the wind drake like a pincushion!!!!
You kill the wind drake!
Nikola casts a spell.
You hear a mighty clap of thunder!
The lightning arc hits you!
The lightning arc hits Nikola.
The lightning arc hits you!
* * * LOW HITPOINT WARNING * * *
The lightning arc hits Nikola.
The lightning arc hits you!
You die...
Your body crumbles into a pile of gold.

≈≈P≈ ......<<.......###..H$≈...≈
≈≈PW ...≈≈≈≈..≈≈≈≈≈....###......
≈≈≈≈ ≈≈≈≈≈≈≈≈≈≈≈≈≈≈≈≈..##..≈≈..≈
≈≈≈P≈≈≈≈≈≈≈≈≈≈≈≈≈≈≈≈≈≈≈....≈≈...≈
≈≈≈≈≈≈≈≈≈≈≈≈≈≈≈≈≈≈≈≈≈≈)....≈.....
≈≈≈≈≈≈≈≈≈≈≈≈≈≈≈≈≈≈≈≈≈≈≈≈≈≈≈≈..###
≈≈≈≈≈≈≈≈≈≈≈≈≈≈≈≈....≈≈≈≈≈≈≈≈..###
≈≈≈≈≈≈≈≈P≈≈≈≈..$....(≈≈..≈≈≈...#.
≈≈≈≈≈≈≈≈≈≈≈≈)..#@@.!...<.≈≈≈≈≈.mH
≈≈≈≈≈≈≈≈≈≈≈≈.. ##...#..≈≈≈≈≈≈≈..k
.≈≈≈≈≈≈≈≈≈≈≈.# ###.!..≈≈≈≈≈≈≈...
.≈PPP≈≈≈≈P≈..# #....≈≈≈≈≈≈≈≈≈≈
##.PPP≈≈≈≈≈.## ####.≈≈≈≈≈≈≈≈≈≈
.##.PP≈≈≈≈≈.# .≈≈≈≈≈≈≈≈≈≈
.%.>P≈≈≈≈≈$.# .≈≈≈≈≈≈≈≈≈≈
...≈≈≈≈≈≈≈.P# .≈≈≈≈≈≈≈≈≈≈
..≈≈≈≈≈.....# ≈≈≈≈≈≈≈≈≈≈≈


You could see Nikola.

Vanquished Creatures
  Rupert (D:12)
  A lich (Vaults:2)
  A deep elf blademaster (Elf:3)
  A deep elf master archer (Elf:3)
  Agnes (Spider:2)
  Gastronok (D:8)
  A sphinx (Vaults:1)
  Kirke (Shoals:3)
  Donald (Vaults:1)
  Aizul (Spider:3)
  7 vault wardens
  5 ghost moths (Spider:4)
  An orc warlord (Orc:1)
  2 deep elf sorcerers
  A curse skull (Vaults:2)
  5 emperor scorpions
  5 ironheart preservers
  2 stone giants (Vaults:2)
  7 entropy weavers
  2 spark wasps
  6 dire elephants (Lair:6)
  A deep elf annihilator (Vaults:1)
  5 deep elf death magi
  A fire dragon (Vaults:2)
  6 yaktaur captains
  Josephine (Lair:3)
  A merfolk javelineer (Shoals:2)
  A great orb of eyes (Vaults:2)
  2 deep elf high priests (Elf:3)
  A rakshasa (Vaults:1)
  3 hydras
  An ice dragon (Vaults:2)
  2 catoblepae
  A death knight (D:14)
  Erica (D:9)
  An anaconda (Lair:6)
  5 centaur warriors
  7 vault guards
  5 ogre magi
  A satyr (Shoals:3)
  6 death yaks
  2 orc high priests
  Sonja (D:12)
  2 vampire magi (D:12)
  7 deep elf knights
  A death drake (shapeshifter) (Elf:3)
  An unseen horror (D:14)
  A glowing orange brain (Vaults:2)
  3 ironbrand convokers
  6 sea snakes
  8 deep elf archers
  4 wizards
  A phantasmal warrior (Vaults:2)
  7 hill giants
  7 harpies
  10 orc knights
  A necromancer (Vaults:2)
  A wolf spider zombie (D:14)
  A human zombie (Vaults:2)
  24 orb spiders
  23 wolf spiders
  9 orc sorcerers
  5 manticores
  27 ugly things
  5 fauns
  2 oklob plants
  6 cyclopes
  35 deep elf magi
  A faun (shapeshifter) (D:15)
  25 elephants
  7 sirens
  2 centaur zombies (D:14)
  Maurice (Orc:1)
  4 black mambas
  3 naga magi (D:12)
  A frost giant skeleton (Vaults:2)
  3 water nymphs
  6 vault sentinels
  A human skeleton (Vaults:2)
  3 gargoyles
  9 spiny frogs
  2 kobold demonologists (D:12)
  2 rime drakes
  19 yaktaurs
  14 demonic crawlers
  2 efreet
  9 komodo dragons
  A queen bee (D:14)
  33 jumping spiders
  A yaktaur skeleton (Vaults:2)
  3 meliai (D:14)
  The ghost of Nuatha the Covert, a novice SpAK of Lugonu (D:4)
  6 merfolk
  5 polar bears (D:10)
  7 trolls
  A troll (shapeshifter) (Elf:2)
  A dancing weapon (Vaults:2)
  17 blink frogs
  3 wind drakes
  11 slime creatures
  3 two-headed ogres
  A slime creature (shapeshifter) (Vaults:2)
  15 hippogriffs
  13 dream sheep
  4 hornets
  3 meliai zombies (D:15)
  A hippogriff (shapeshifter) (Vaults:1)
  4 snapping turtles
  92 redbacks
  30 tarantellas
  A vampire (D:15)
  15 water elementals
  2 air elementals (Elf:1)
  A shadow (D:15)
  Eustachio (D:4)
  4 basilisks
  6 wraiths
  A yak (shapeshifter) (Vaults:1)
  3 wyverns
  A fire elemental (Elf:3)
  A human (D:7)
  A steam dragon (D:13)
  50 yaks
  7 hogs
  A hungry ghost (D:10)
  A human simulacrum (Vaults:2)
  5 mottled dragons
  6 wargs
  2 soldier ants
  12 water moccasins
  10 porcupines
  4 sky beasts
  An eye of draining (D:13)
  11 ice beasts
  A necrophage (D:11)
  2 phantoms
  5 black bears (D:10)
  28 orc warriors
  22 ogres
  3 wolves (Lair:1)
  14 centaurs
  A big kobold (D:12)
  21 crocodiles
  A gnoll sergeant (D:9)
  18 bullfrogs
  A wyvern zombie (D:14)
  3 scorpions
  2 orc simulacra (Vaults:2)
  21 killer bees (D:14)
  A howler monkey (D:6)
  3 electric eels
  9 crimson imps
  3 bullfrog zombies
  A quasit (D:13)
  15 orc priests
  6 hounds
  5 jellies
  Crazy Yiuf (D:2)
  6 bullfrog skeletons
  19 orc wizards
  7 centaur skeletons
  A gnoll shaman (D:7)
  4 iguanas
  7 worker ants
  Natasha (thrice) (D:2)
  A hell rat (D:11)
  3 hound skeletons
  3 gnolls
  13 adders
  2 river rats (D:11)
  A shadow imp (D:9)
  3 oozes
  An adder zombie (D:6)
  A worm (D:6)
  2 dart slugs (D:1)
  8 leopard geckos
  81 orcs
  2 ball pythons
  3 bats
  5 giant cockroaches
  5 goblins
  10 hobgoblins
  11 jackals
  3 quokkas
  5 frilled lizards
  A jackal skeleton (D:6)
  14 kobolds
  A quokka skeleton (D:6)
  7 rats
  5 plants (Lair:6)
1247 creatures vanquished.

Vanquished Creatures (collateral kills)
  2 deep elf sorcerers (Elf:3)
  A deep elf elementalist (Elf:3)
  An ironheart preserver (Vaults:1)
  A deep elf demonologist (Elf:3)
  2 deep elf annihilators (Elf:3)
  2 vault guards
  A merfolk aquamancer (Shoals:3)
  An orc high priest (Orc:2)
  An ogre mage (Vaults:1)
  3 dancing weapons
  2 deep elf knights (Elf:3)
  2 deep elf archers (Elf:3)
  An ironbrand convoker (Vaults:2)
  4 deep elf magi
  A wolf spider (Vaults:2)
  2 orc knights
  A siren (Shoals:2)
  3 vault sentinels (Vaults:2)
  2 merfolk
  5 two-headed ogres
  A water elemental (Elf:3)
  2 fire elementals
  2 orc warriors
  9 ogres
  An orc priest (Vaults:2)
  An orc wizard (Elf:3)
  An orc (D:12)
55 creatures vanquished.

Vanquished Creatures (others)
  A deep elf blademaster (Elf:3)
  A deep elf elementalist (Elf:3)
  Louise (Elf:3)
  A stone giant (Vaults:1)
  3 deep elf demonologists (Elf:3)
  3 deep elf annihilators (Elf:3)
  A deep elf death mage (Elf:3)
  6 deep elf knights
  3 deep elf archers
  7 deep elf magi
  A demonic crawler (Spider:4)
  2 merfolk (Shoals:3)
  56 dancing weapons
  2 orc warriors (Elf:3)
  2 ogres (Vaults:1)
  14 fungi
  19 plants
  20 tentacles
143 creatures vanquished.

Grand Total: 1445 creatures vanquished

Notes
Turn   | Place    | Note
-------+----------+-------------------------------------------
     0 | D:1      | dvd the Spriggan Warper began the quest for the Orb.
     0 | D:1      | Reached XP level 1. HP: 10/10 MP: 5/5
     6 | D:1      | Noticed an iguana
     6 | D:1      | Noticed a tyrant leech
     6 | D:1      | Noticed a queen ant
     7 | D:1      | Noticed a centaur
   369 | D:1      | Reached XP level 2. HP: 15/15 MP: 6/6
   409 | D:1      | Learned a level 2 spell: Blink
   412 | D:1      | Learned a level 2 spell: Shroud of Golubria
  1038 | D:2      | Reached XP level 3. HP: 18/18 MP: 3/8
  1102 | D:2      | Noticed Natasha
  1154 | D:2      | Killed Natasha
  1154 | D:2      | Reached skill level 1 in Charms
  1463 | D:2      | Noticed Natasha
  1745 | D:2      | Reached XP level 4. HP: 23/23 MP: 10/10
  1950 | D:2      | Learned a level 3 spell: Portal Projectile
  2013 | D:2      | Found a white marble altar of Elyvilon.
  2809 | D:2      | Killed Natasha
  2809 | D:2      | Reached skill level 1 in Slings
  2958 | D:1      | Learned a level 3 spell: Lesser Beckoning
  3225 | D:2      | Noticed Natasha
  3493 | D:2      | Found a runed door.
  3892 | D:2      | Killed Natasha
  4089 | D:2      | Noticed Crazy Yiuf
  4118 | D:2      | Killed Crazy Yiuf
  4118 | D:2      | Reached XP level 5. HP: 26/26 MP: 11/11
  4305 | D:3      | Reached skill level 5 in Translocations
  4692 | D:3      | Found a radiant altar of Vehumet.
  4817 | D:3      | Found a snail-covered altar of Cheibriados.
  5429 | D:4      | Noticed Nuatha's ghost (novice SpAK)
  6323 | D:3      | Reached XP level 6. HP: 24/30 MP: 9/13
  6522 | D:4      | Found a bloodstained altar of Trog.
  6650 | D:4      | Found a staircase to the Ecumenical Temple.
  6659 | Temple   | Entered the Ecumenical Temple
  6957 | Temple   | Became a worshipper of Gozag Ym Sagoz the Greedy
  7043 | D:4      | Found a shattered altar of Ashenzari.
  7258 | D:5      | Entered Level 5 of the Dungeon
  7408 | D:4      | Noticed Eustachio
  7961 | D:5      | Reached skill level 6 in Translocations
  8324 | D:6      | Noticed a sky beast
  8357 | D:6      | Killed a sky beast
  8357 | D:6      | Reached XP level 7. HP: 35/35 MP: 6/15
  8522 | D:6      | Reached skill level 5 in Spellcasting
  9117 | D:7      | Reached skill level 5 in Dodging
  9151 | D:7      | Learned a level 3 spell: Dazzling Spray
  9165 | D:7      | Reached skill level 1 in Stealth
  9365 | D:7      | Noticed a hog
  9365 | D:7      | Noticed a hog
  9365 | D:7      | Noticed a human
  9365 | D:7      | Noticed a hog
  9366 | D:7      | Noticed a hog
  9403 | D:7      | Killed a hog
  9403 | D:7      | Reached skill level 5 in Short Blades
  9403 | D:7      | Reached XP level 8. HP: 26/39 MP: 12/16
  9413 | D:7      | Reached skill level 7 in Translocations
 10211 | D:7      | Reached skill level 5 in Slings
 10356 | D:6      | Reached skill level 1 in Hexes
 11073 | D:4      | Got a brightly glowing hunting sling
 11074 | D:4      | Identified the +5 hunting sling "Coeggui" {freeze, Stlth+} (You found it on level 4 of the Dungeon)
 11106 | D:4      | Killed Eustachio
 11106 | D:4      | Reached XP level 9. HP: 41/44 MP: 13/19
 11222 | D:4      | Gained mutation: You have large cloven feet. [potion of mutation]
 11222 | D:4      | Gained mutation: Your flesh is heat resistant. (rF+) [potion of mutation]
 12144 | D:7      | Found a shimmering altar of Xom.
 12169 | D:8      | Identified the Grimoire of the Volcanoes and Transmigration
 12352 | D:7      | Learned a level 3 spell: Teleport Other
 12368 | D:8      | Reached skill level 8 in Translocations
 12629 | D:8      | Noticed Gastronok
 12674 | D:8      | Killed Gastronok
 12674 | D:8      | Reached skill level 5 in Charms
 12674 | D:8      | Reached skill level 9 in Translocations
 12867 | D:8      | Reached XP level 10. HP: 50/50 MP: 21/21
 13665 | D:9      | Noticed Erica
 13689 | D:9      | Killed Erica
 13689 | D:9      | Reached skill level 10 in Slings
 14160 | D:9      | Reached skill level 10 in Translocations
 14813 | D:9      | Noticed a hill giant
 14839 | D:9      | Killed a hill giant
 15067 | D:9      | Reached skill level 11 in Translocations
 15529 | D:4      | Killed Nuatha's ghost
 15765 | D:10     | Entered Level 10 of the Dungeon
 15982 | D:10     | Reached XP level 11. HP: 54/54 MP: 20/24
 16053 | D:10     | Noticed a hill giant
 16072 | D:10     | Killed a hill giant
 16440 | D:10     | Found a huge runed gate.
 16440 | D:10     | Noticed a death yak
 16441 | D:10     | Found a huge runed gate.
 16441 | D:10     | Found a huge runed gate.
 16514 | D:10     | Noticed a cyan ugly thing
 16530 | D:10     | Killed a cyan ugly thing
 16632 | D:10     | Found a staircase to the Orcish Mines.
 16704 | D:10     | Found a huge runed gate.
 16846 | D:10     | Noticed a hill giant
 16882 | D:10     | Killed a hill giant
 17453 | D:11     | Noticed a hill giant
 17484 | D:10     | Killed a hill giant
 17484 | D:10     | Reached skill level 1 in Bows
 17484 | D:10     | Reached skill level 12 in Translocations
 17799 | D:11     | Found a staircase to the Lair.
 18629 | D:11     | Got a jewelled mace
 18727 | D:11     | Identified the +1 mace "Lacertilianslayer" {elec, Int+2} (You found it on level 11 of the Dungeon)
 19163 | D:11     | Reached skill level 5 in Fighting
 19403 | D:11     | Found a glowing golden altar of the Shining One.
 19403 | D:11     | Noticed an oklob plant
 19635 | D:11     | Reached skill level 13 in Translocations
 19912 | Lair:1   | Entered Level 1 of the Lair of Beasts
 20188 | Lair:1   | Got an ancient short sword
 20189 | Lair:1   | Identified the +4 short sword "Astaeqi" {venom, *Rage MR+ Dex+3 Stlth+} (You found it on level 1 of the Lair of Beasts)
 20451 | Lair:1   | Lost mutation: You have large cloven feet. [potion of cure mutation]
 20451 | Lair:1   | Lost mutation: Your flesh is heat resistant. (rF+) [potion of cure mutation]
 20604 | Lair:1   | Reached skill level 10 in Spellcasting
 20908 | Lair:1   | Learned a level 4 spell: Force Lance
 21007 | Lair:1   | Reached XP level 12. HP: 54/60 MP: 0/27
 22371 | Lair:2   | Bought a translucent cloak for 323 gold pieces
 22381 | Lair:2   | Identified the +1 cloak "Lossaar" {rN++ Regen+ Int-4} (You bought it in a shop on level 2 of the Lair of Beasts)
 22381 | Lair:2   | Bought a heavy robe for 193 gold pieces
 22381 | Lair:2   | Bought an ominously black robe for 193 gold pieces
 22391 | Lair:2   | Identified the +1 robe "Jekhlaego" {+Inv Regen+} (You bought it in a shop on level 2 of the Lair of Beasts)
 22401 | Lair:2   | Identified the +0 robe of Miracles {-Tele MP+9 Dex+4 SInv} (You bought it in a shop on level 2 of the Lair of Beasts)
 22692 | Lair:2   | Reached skill level 14 in Translocations
 23475 | Lair:2   | Learned a level 3 spell: Gell's Gravitas
 23480 | Lair:2   | Learned a level 4 spell: Passage of Golubria
 23800 | Lair:3   | Reached skill level 5 in Stealth
 23867 | Lair:3   | Found a frozen archway.
 23901 | IceCv    | Entered an ice cave
 23985 | IceCv    | Reached skill level 15 in Translocations
 24407 | Lair:3   | Found a staircase to the Shoals.
 24925 | Lair:4   | Noticed Josephine
 25028 | Lair:3   | Killed Josephine
 25062 | Lair:3   | Reached XP level 13. HP: 44/65 MP: 4/29
 26588 | Lair:4   | Got a tattered robe
 26597 | Lair:4   | Reached skill level 1 in Conjurations
 26630 | Lair:4   | Identified the +5 robe of the Present {rF+ Dex+5} (You found it on level 4 of the Lair of Beasts)
 27305 | Lair:4   | Found a hole to the Spider Nest.
 27644 | Lair:4   | Reached skill level 16 in Translocations
 28054 | Lair:5   | Reached skill level 5 in Bows
 28067 | Lair:5   | Bought the ring of Jazays Bunot {*Drain rC+ Str+9 SInv} for 841 gold pieces
 28314 | Lair:5   | Found a staircase to the Slime Pits.
 28554 | Lair:5   | Identified a scroll of acquirement
 28555 | Lair:5   | Got a coiled jade amulet
 28556 | Lair:5   | Identified the amulet "Sinosch" {Harm *Corrode *Drain Str+5 Dex+5} (You acquired it on level 5 of the Lair of Beasts)
 29115 | Lair:6   | Entered Level 6 of the Lair of Beasts
 29402 | Lair:6   | Reached skill level 5 in Hexes
 30481 | Lair:6   | Reached XP level 14. HP: 69/72 MP: 22/31
 32431 | Orc:1    | Entered Level 1 of the Orcish Mines
 33291 | Orc:1    | Noticed Maurice
 33313 | Orc:1    | Killed Maurice
 33403 | Orc:2    | Entered Level 2 of the Orcish Mines
 33474 | Orc:2    | Found Ocwupt's Armour Emporium.
 33679 | Orc:2    | Found Nustyewn's Antique Armour Boutique.
 33865 | Orc:2    | Found Deogotz's Antique Weapon Shop.
 33946 | Orc:2    | Noticed an orc warlord
 35063 | D:12     | Noticed Rupert
 35144 | D:12     | Noticed Sonja
 35174 | D:12     | Killed Sonja
 35404 | D:12     | Paralysed by Rupert for 4 turns
 35614 | D:12     | Bought the Almanac of the Supportive Snowflakes for 611 gold pieces
 35617 | D:12     | Learned a level 2 spell: Ensorcelled Hibernation
 35621 | D:12     | Learned a level 3 spell: Ozocubu's Armour
 37446 | Lair:6   | Got a shimmering rapier
 37447 | Lair:6   | Identified the cursed +1 rapier "Worm" {elec, rPois rN++ Int+3} (You found it on level 6 of the Lair of Beasts)
 37481 | Lair:6   | Learned a level 3 spell: Confuse
 37506 | Lair:6   | Got a vibrating steel amulet
 37513 | Lair:6   | Identified the amulet of the Illusory Eyes {+Rage rC++ Str+4 Int-2 Dex+2} (You found it on level 6 of the Lair of Beasts)
 38317 | Orc:2    | Reached skill level 10 in Bows
 38800 | D:13     | Reached XP level 15. HP: 77/77 MP: 24/33
 38922 | D:13     | Learned a level 3 spell: Tukima's Dance
 39512 | D:13     | Reached skill level 1 in Ice Magic
 40146 | D:14     | Found a gate to the Vaults.
 41468 | D:14     | Reached skill level 17 in Translocations
 41789 | D:14     | Found Pyjaote's General Store.
 41792 | D:14     | Bought a scroll of blinking for 97 gold pieces
 42046 | D:12     | Killed Rupert
 42058 | D:12     | Bought a book of the Sky for 845 gold pieces
 42070 | D:12     | Learned a level 6 spell: Deflect Missiles
 42241 | D:12     | Identified the Grimoire of Bewitchment
 42272 | D:12     | Reached skill level 1 in Air Magic
 42292 | D:12     | Identified the Volume of Igneous Conjuration
 42407 | D:12     | Found a deep blue altar of Sif Muna.
 42410 | D:12     | Noticed a deep elf sorcerer
 42450 | D:12     | Killed a deep elf sorcerer
 42618 | D:12     | Identified the Papyrus of Boosting Necromancy
 42619 | D:12     | Identified the Almanac of Stones and Flames
 42729 | D:12     | Learned a level 3 spell: Regeneration
 42734 | D:12     | Learned a level 4 spell: Airstrike
 42876 | D:12     | Upgraded the game from 0.19-a0-1895-g783e625 to 0.19-a0-1899-g2d93087
 42880 | D:12     | Learned a level 2 spell: Repel Missiles
 43050 | Spider:1 | Entered Level 1 of the Spider Nest
 44257 | Spider:2 | Reached skill level 10 in Stealth
 44293 | Spider:2 | Reached XP level 16. HP: 82/82 MP: 5/35
 45797 | Spider:2 | Reached skill level 1 in Evocations
 46141 | Spider:2 | Noticed Agnes
 46147 | Spider:2 | Killed Agnes
 46163 | Spider:2 | Reached skill level 10 in Charms
 47106 | Spider:3 | Noticed Aizul
 47930 | Spider:3 | Reached skill level 15 in Spellcasting
 48252 | Spider:3 | Killed Aizul
 49650 | Orc:2    | Reached skill level 10 in Dodging
 49878 | Orc:2    | Found Sasigub's General Store.
 50048 | Orc:2    | Bought a silken robe for 148 gold pieces
 50062 | Orc:2    | Identified the cursed +0 robe "Bah Cyluc" {Dex+4} (You bought it in a shop on level 2 of the Orcish Mines)
 50123 | Orc:2    | Found a staircase to the Elven Halls.
 50153 | Orc:2    | Found Onyilu Nioni's Jewellery Shop.
 50359 | Orc:2    | Upgraded the game from 0.19-a0-1899-g2d93087 to 0.19-a0-1920-g83281cb
 50586 | Spider:4 | Entered Level 4 of the Spider Nest
 51299 | Spider:4 | Reached skill level 5 in Air Magic
 52459 | Spider:4 | Reached XP level 17. HP: 37/86 MP: 20/37
 54908 | Spider:4 | Got a gossamer rune of Zot
 55463 | Elf:1    | Entered Level 1 of the Elven Halls
 56668 | Elf:2    | Found a runed door.
 56798 | Elf:2    | Found a runed door.
 58827 | Elf:2    | Reached skill level 18 in Translocations
 59091 | Elf:3    | Entered Level 3 of the Elven Halls
 59143 | Elf:3    | Noticed Louise
 59400 | Elf:3    | Reached skill level 10 in Short Blades
 60005 | Elf:3    | Your ally died
 60060 | Elf:3    | Learned a level 5 spell: Yara's Violent Unravelling
 60143 | Elf:3    | Learned a level 8 spell: Controlled Blink
 60277 | Elf:3    | Reached XP level 18. HP: 89/92 MP: 30/39
 60312 | Elf:3    | Noticed a Hell Sentinel
 61018 | Elf:3    | Got a warped arbalest
 61058 | Elf:3    | Identified the +7 arbalest of Capital Punishment {elec, rElec Int+4 SInv} (You found it on level 3 of the Elven Halls)
 61193 | Elf:3    | Identified Atzod's Grimoire of Venom
 61205 | Elf:3    | Got a sparkling gossamer ring
 61207 | Elf:3    | Identified the cursed ring "Nautz" {rC+ MR+ EV-4 Str+2} (You found it on level 3 of the Elven Halls)
 61357 | Elf:3    | Got a faintly glowing troll leather armour
 61368 | Elf:3    | Identified the +3 troll leather armour of Fortification {rC+ Regen+ Str+6} (You took it off a deep elf sorcerer on level 3 of the Elven Halls)
 61403 | Elf:3    | Got a brightly glowing morningstar {crush}
 61404 | Elf:3    | Identified the +8 morningstar "Ogaocarph" {crush, rPois Stlth+} (You took it off a deep elf sorcerer on level 3 of the Elven Halls)
 61984 | D:15     | Entered Level 15 of the Dungeon
 62151 | D:15     | Bought a distressingly furry robe for 182 gold pieces
 62163 | D:15     | Identified the +1 robe of Butinipp {Str-4 Int+7} (You bought it in a shop on level 15 of the Dungeon)
 62185 | D:15     | Found a staircase to the Depths.
 63996 | Spider:4 | Reached skill level 1 in Crossbows
 65109 | Vaults:1 | Entered Level 1 of the Vaults
 65168 | Vaults:1 | Found Rean's Gadget Boutique.
 65169 | Vaults:1 | Found Biruc's Weapon Boutique.
 65173 | Vaults:1 | Found Yfezemet's Weapon Shoppe.
 65805 | Vaults:1 | Found Teotefe's Jewellery Emporium.
 65806 | Vaults:1 | Found Acucu's Antique Weapon Shoppe.
 66564 | Vaults:1 | Reached skill level 19 in Translocations
 67010 | Vaults:1 | Noticed Donald
 67134 | Vaults:1 | Killed Donald
 68901 | Vaults:2 | Reached skill level 5 in Crossbows
 69848 | Vaults:2 | Reached XP level 19. HP: 73/96 MP: 35/41
 70780 | Vaults:1 | Upgraded the game from 0.19-a0-1920-g83281cb to 0.20-a0-16-g0876c8e
 71637 | Vaults:2 | Found a staircase to the Crypt.
 72209 | Vaults:2 | Reached skill level 10 in Hexes
 73147 | Vaults:2 | Noticed a Brimstone Fiend
 74188 | Shoals:1 | Entered Level 1 of the Shoals
 76054 | Shoals:2 | Reached skill level 20 in Translocations
 76509 | Shoals:3 | Noticed Nikola
 77020 | Shoals:3 | Noticed Kirke
 77021 | Shoals:3 | Killed Kirke
 77127 | Shoals:3 | Killed from afar by Nikola

Vault maps used:
D:1:      onia_arrival_zoo_common
D:2:      lemuel_doored_altar, first_bread, uniq_crazy_yiuf_cottage,
          uniq_natasha
D:3:      old_standard_altar, lemuel_round_altar, grunt_ministairs_6
D:4:      old_standard_altar, trog_hazing_becter, uniq_eustachio
D:5:      hangedman_decor_clover_reticule
D:7:      lemuel_round_altar, grunt_livestock
D:8:      uniq_gastronok
D:9:      small_chamber_with_monster, uniq_erica
D:10:     lemuel_bear_cage, orc_0_dummy
D:11:     dpeg_lair_monsters, lemuel_oklob_altar
D:12:     evilmike_library_of_no_secrets, uniq_rupert, uniq_sonja
D:14:     grunt_vaults_entry_fortified, serial_shops, kennysheep_mini_moat
D:15:     hangedman_depths_entry_try_elsewhere_first, minmay_door_square,
          fountainhead
Temple:   minmay_temple_bridge_d
Lair:2:   grunt_megastairs_1, infiniplex_staircase_pool
Lair:3:   minmay_shoals_entry_lonely_mermaid, portal_ice_cave_entry_pillars_1
Lair:4:   spider_nest_entry_a, uniq_josephine
Lair:5:   minmay_slime_entry_oklob_enclosed
Lair:6:   due_jungle_book
Shoals:2: nicolae_shoals_water_elemental_grotto
Shoals:3: nicolae_shoals_mertower, uniq_kirke, uniq_nikola
Spider:2: spider_trap, hangedman_spider_tarantella_strand,
          nicolae_spider_cling_halls, uniq_agnes
Spider:3: uniq_aizul
Spider:4: grunt_spider_rune_island, nicolae_spider_circle_web,
          nicolae_spider_cling_ruins
Orc:1:    uniq_maurice
Orc:2:    grunt_orc_gardens, grunt_orc_garden, grunt_orc_garden,
          grunt_orc_garden, grunt_orc_garden, serial_shops, shop_coins
Elf:1:    elf_arrival_001, evilmike_minifort
Elf:3:    elf_hall_gauntlet_wide, uniq_louise
Vaults:1: vaults_room_grid, v_misc_22, nicolae_vaults_network_barrier,
          v_misc_14, v_misc_19, vaults_dpeg_hooks, nicolae_vaults_circle_grid_a,
          nicolae_vaults_little_squares_5, vaults_dpeg_ring,
          ontoclasm_vaults_shuriken, serial_shops, nicolae_shop_window_shopping,
          shop, shop_statue, shop, nicolae_shop_crystal, uniq_donald
Vaults:2: v_alt_pattern_1, minmay_crypt_entry_simple_box,
          nicolae_vaults_twisting_passages, v_misc_18, vaults_room_grid,
          vaults_mumra_hex, nicolae_vaults_little_squares_2,
          hangedman_vaults_nails, ontoclasm_vaults_fault, v_alt_pattern_3,
          v_misc_27, v_misc_8
Vaults:3: v_alt_pattern_3, vaults_room_pools, ontoclasm_vaults_ring_large,
          grunt_vaults_hallway_long, nicolae_vaults_what_the_h,
          hangedman_vaults_trim, hangedman_vaults_impose,
          nicolae_vaults_shelves_hall, hangedman_vaults_stretched_pinwheel,
          vaults_room_fancy_cross, ontoclasm_vaults_pinch, v_misc_10,
          v_alt_pattern_1, v_misc_27, dpeg_vaults_monster_box,
          ontoclasm_vaults_gateway, serial_shops, shop
IceCv:    ice_cave_statue_garden_teleport

Skill      XL: |  1  2  3  4  5  6  7  8  9 10 11 12 13 14 15 16 17 18 19 |
---------------+----------------------------------------------------------+-----
Spellcasting   | 3 4 5 6 7 8 10 11 12 13 14 15 16 17 18 | 18.2
Dodging        | 4 5 6 7 8 9 10 11 12 | 12.0
Charms         | 1 2 3 4 5 6 7 9 11 12 13 | 13.0
Short Blades   | 3 4 5 6 7 8 9 10 | 10.6
Slings         | 2 3 4 6 9 11 12 13 | 13.2
Translocations | 5 6 7 9 11 13 15 16 17 18 19 20 | 20.1
Fighting       | 2 3 4 5 6 7 8 9 |  9.6
Stealth        | 1 2 3 4 5 7 10 11 13 14 | 14.6
Hexes          | 2 4 5 7 8 9 10 | 10.3
Bows           | 2 4 7 10 11 | 11.3
Conjurations   | 1 2 3 |  3.8
Throwing       | 2 |  2.0
Ice Magic      | 1 2 3 4 |  4.0
Air Magic      | 2 5 7 |  7.7
Evocations     | 1 |  1.3
Crossbows      | 5 7 |  7.1
Necromancy     | |  0.8

Action                   |  1- 3 |  4- 6 |  7- 9 | 10-12 | 13-15 | 16-18 | 19-21 || total
-------------------------+-------+-------+-------+-------+-------+-------+-------++-------
Melee: Short sword       |   120 |   204 |   248 |   216 |   465 |    33 |       ||  1286
       Hunting sling     |       |     7 |       |       |     2 |     2 |       ||    11
       Kick              |       |       |     4 |    38 |       |       |       ||    42
       Dagger            |       |       |       |    47 |       |       |       ||    47
       Rapier            |       |       |       |       |   484 |  1004 |   347 ||  1835
       Shortbow          |       |       |       |       |     1 |       |       ||     1
 Fire: Hunting sling     |       |   134 |   198 |   825 |   812 |    49 |     9 ||  2027
       Shortbow          |       |       |       |   146 |   571 |   364 |    49 ||  1130
       Arbalest          |       |       |       |       |       |   145 |   110 ||   255
Throw: Tomahawk          |     5 |       |       |       |    27 |     1 |       ||    33
       Stone             |       |    13 |       |     2 |     4 |       |       ||    19
 Cast: Shroud of Golubri |    15 |    46 |    45 |    72 |    75 |    63 |    31 ||   347
       Blink             |     4 |    53 |    22 |   105 |    98 |    89 |    22 ||   393
       Portal Projectile |       |     7 |     9 |    80 |    66 |    20 |    21 ||   203
       Lesser Beckoning  |       |     1 |       |     1 |       |       |       ||     2
       Dazzling Spray    |       |       |     3 |    25 |   220 |   166 |    39 ||   453
       Force Lance       |       |       |       |     9 |    25 |    67 |       ||   101
       Gell's Gravitas   |       |       |       |     4 |     4 |       |       ||     8
       Teleport Other    |       |       |       |       |     4 |       |       ||     4
       Ozocubu's Armour  |       |       |       |       |    23 |    62 |    18 ||   103
       Passage of Golubr |       |       |       |       |     1 |       |       ||     1
       Ensorcelled Hiber |       |       |       |       |    64 |   263 |    87 ||   414
       Tukima's Dance    |       |       |       |       |    20 |    78 |    60 ||   158
       Confuse           |       |       |       |       |    19 |    53 |    25 ||    97
       Regeneration      |       |       |       |       |     5 |    26 |    16 ||    47
       Repel Missiles    |       |       |       |       |     1 |       |       ||     1
       Airstrike         |       |       |       |       |       |   129 |    66 ||   195
       Deflect Missiles  |       |       |       |       |       |    11 |     9 ||    20
       Yara's Violent Un |       |       |       |       |       |     5 |     1 ||     6
       Controlled Blink  |       |       |       |       |       |       |     2 ||     2
Invok: Call Merchant     |       |       |       |     2 |     2 |     1 |       ||     5
       Bribe Branch      |       |       |       |       |       |     1 |       ||     1
Evoke: Wand              |       |       |       |       |     7 |    23 |     2 ||    32
  Use: Scroll            |       |     9 |     3 |     6 |    24 |    24 |    10 ||    76
       Potion            |       |     2 |     8 |     5 |     8 |    17 |     4 ||    44
 Stab: Sleeping          |     1 |     5 |     1 |     5 |    58 |   168 |    48 ||   286
       Invisible         |       |       |     3 |     5 |    63 |    43 |    10 ||   124
       Distracted        |       |       |     1 |     4 |     8 |    12 |     5 ||    30
       Confused          |       |       |       |       |    15 |    37 |    17 ||    69
       Paralysed         |       |       |       |       |     1 |       |       ||     1
  Eat: Fruit             |       |     2 |       |     3 |     1 |     3 |     2 ||    11
       Bread ration      |       |     2 |       |     2 |     1 |       |     1 ||     6
       Pizza             |       |     1 |     1 |     1 |     6 |     2 |       ||    11
       Royal jelly       |       |       |       |       |       |    10 |     3 ||    13
Armor: Robe              |     7 |    31 |    25 |    39 |   139 |   227 |    53 ||   521
Dodge: Dodged            |   109 |   242 |   210 |   363 |  1233 |  1721 |   575 ||  4453
       Deflected         |       |       |       |       |       |    60 |    57 ||   117
Block: Buckler           |       |       |       |       |     1 |       |       ||     1
       Reflection        |       |       |       |       |       |     5 |       ||     5
